 Dungeon Sprint DCSS version 0.17-a0-1650-gce8475a (webtiles) character file.

7574 LilCorpsy the Phalangite (level 11, -14/85 HPs)
             Began as a Merfolk Gladiator on Aug 13, 2015.
             Was the Champion of Jiyva.
             Engulfed by a cloud of freezing vapour (16 damage)
             ... in the Dungeon (Sprint I: "Red Sonja").
             The game lasted 00:14:42 (1765 turns).

LilCorpsy the Phalangite (Merfolk Gladiator)        Turns: 1765, Time: 00:14:42

Health: -14/85     AC: 11    Str: 14      XL:     11   Next: 17%
Magic:  12/12      EV: 28    Int:  8 (10) God:    Jiyva [******]
Gold:   559        SH:  0    Dex: 17      Spells: 0 memorised, 10 levels left

rFire  . . .     SeeInvis .     l - +0 scythe
rCold  . . .     Clarity  .     a - +2 leather armour {rPois}
rNeg   . . .     SustAt   .     (no shield)
rPois  +         Gourm    .     (no helmet)
rElec  .         Spirit   .     g - +0 cloak
rCorr  +         Warding  .     (no gloves)
rMut   .         NoTele   +     d - +2 pair of boots
MR     +....                    (no amulet)
Stlth  +.........               (no ring)
                                (no ring)

@: somewhat resistant to hostile enchantments, very unstealthy
A: change form in water, swift swim, yellow scales 1, blurry vision 1, high mp
1, magic resistance 1, jelly sensing items
a: Request Jelly, Jelly Paralyse, Slimify, Cure Bad Mutation, Renounce Religion


You were in the Dungeon.
You worshipped Jiyva.
Jiyva was exalted by your worship.
You were completely stuffed.

You visited 1 branch You collected 851 gold pieces.
You spent 292 gold pieces at shops.

Inventory:

Hand weapons
 l - a +0 scythe (weapon)
Armour
 a - a +2 leather armour of poison resistance (worn)
 d - a +2 pair of boots (worn)
 g - a +0 cloak (worn)
 h - a +1 robe of magic resistance
 m - a +0 robe
Potions
 i - 2 potions of magic
Comestibles
 e - a bread ration


   Skills:
 + Level 7.7 Fighting
 * Level 23.1 Polearms
 - Level 2.0 Throwing
 * Level 21.5 Dodging


You had 10 spell levels left.
You didn't know any spells.

Dungeon Overview and Level Annotations

Branches:
Dungeon (1/1)

Altars:
Cheibriados
Dithmenos
Elyvilon
Fedhas
Gozag
Kikubaaqudgha
Makhleb
Nemelex Xobeh
Okawaru
Qazlal
Ru
Sif Muna
Trog
Vehumet
Xom
Yredelemnul
Zin
The Shining One
Jiyva

Shops:
D ?*(**:*[?(!%}:%=!:([}

Annotations:
D Norris


Innate Abilities, Weirdness & Mutations

You revert to your normal form in water.
You are very nimble and swift while swimming.
You are partially covered in yellow scales (AC +2).
Scrolls take you a little longer to read.
You have an increased reservoir of magic (+10% MP).
You are resistant to hostile enchantments.
You have a small jelly attached to you that senses nearby items.


Message History

Really walk into that cloud of freezing vapour?
You are engulfed in freezing vapours.
The shining eye is engulfed in freezing vapours.
Found 7 stones.
You feel a little less clever now.
You start resting.
You are engulfed in freezing vapours.
You're standing in a cloud of freezing vapour!
You see here 7 stones.
You start resting.
Jiyva's power touches on your attributes.
You start resting.
Jiyva says: Divide and consume!
You are engulfed in freezing vapours.
You are engulfed in freezing vapours.
* * * LOW HITPOINT WARNING * * *
You are engulfed in freezing vapours.
* * * LOW HITPOINT WARNING * * *
You are engulfed in freezing vapours.
You die...

##§§#####§.§§#'#.###
§§§.#..##'####^..#@#
≈≈§§§.§#..^..#...###
§≈..#§.#.....'.....#
G#####§###.§.#.....#
...###...#..§###''##
.###(###.#..###..##
...'.∩##.#.^####..# #
########§##'#..#@.#.###
......##G##.#..§§.....#
......§§.####..§§§....#
..######.#(........####
....§§§#§#####...###
....§.#§§# #####
....§≈#### ....§≈#
..≈≈≈##


You could see Norris (wandering).

Vanquished Creatures
  2 centaur warriors (D)
  2 unseen horrors (D)
  A deep troll (D)
  A lindwurm (D)
  An oklob plant (D)
  A kobold demonologist (D)
  4 demonic crawlers (D)
  A slime creature (D)
  4 trapdoor spiders (D)
  Sigmund (D)
  A yak (D)
  A wasp (D)
  An ogre (D)
  5 necrophages (D)
  A jelly (D)
  Ijyb (D)
  A ballistomycete (D)
29 creatures vanquished.

Vanquished Creatures (collateral kills)
  A lorocyproca (D)
  Sonja (D)
  A gargoyle (D)
3 creatures vanquished.

Vanquished Creatures (others)
  A deep elf master archer (D)
  A siren (D)
  A kobold demonologist (D)
  A gargoyle (D)
  A hellwing (D)
  2 necrophages (D)
  37 jellies (D)
  3 giant eyeballs (D)
  A ballistomycete (D)
  2 giant spores (D)
50 creatures vanquished.

Grand Total: 82 creatures vanquished

Notes
Turn   | Place    | Note
--------------------------------------------------------------
     0 | D        | LilCorpsy the Merfolk Gladiator began the quest for the Orb.
     0 | D        | Reached XP level 1. HP: 16/16 MP: 1/1
     1 | D        | Noticed Ijyb
    23 | D        | Killed Ijyb
    23 | D        | Reached skill level 7 in Polearms
    23 | D        | Reached XP level 2. HP: 15/22 MP: 2/2
    23 | D        | Reached XP level 3. HP: 18/27 MP: 3/3
   118 | D        | Noticed an ogre
   127 | D        | Killed an ogre
   127 | D        | Reached skill level 10 in Polearms
   127 | D        | Reached XP level 4. HP: 33/33 MP: 4/4
   127 | D        | Reached XP level 5. HP: 38/38 MP: 5/5
   136 | D        | Noticed Sigmund
   153 | D        | Killed Sigmund
   153 | D        | Reached skill level 12 in Polearms
   153 | D        | Reached XP level 6. HP: 17/44 MP: 6/6
   368 | D        | Found a deep blue altar of Sif Muna.
   369 | D        | Noticed a jelly
   370 | D        | Found a radiant altar of Vehumet.
   372 | D        | Killed a jelly
   372 | D        | Reached skill level 13 in Polearms
   383 | D        | Killed a gargoyle
   392 | D        | Found Cusuhax's General Store.
   392 | D        | Found a white marble altar of Elyvilon.
   392 | D        | Found a stormy altar of Qazlal.
   392 | D        | Found a basalt altar of Yredelemnul.
   392 | D        | Found an iron altar of Okawaru.
   392 | D        | Found a sparkling altar of Nemelex Xobeh.
   392 | D        | Found a shimmering altar of Xom.
   392 | D        | Found an ancient bone altar of Kikubaaqudgha.
   392 | D        | Noticed a yak
   402 | D        | Killed a yak
   402 | D        | Reached skill level 14 in Polearms
   402 | D        | Reached XP level 7. HP: 14/50 MP: 7/7
   403 | D        | Found a burning altar of Makhleb.
   403 | D        | Found a sacrificial altar of Ru.
   403 | D        | Found a glowing golden altar of the Shining One.
   403 | D        | Found an opulent altar of Gozag.
   403 | D        | Found a glowing silver altar of Zin.
   626 | D        | Found a bloodstained altar of Trog.
   640 | D        | Found a viscous altar of Jiyva.
   640 | D        | Found a blossoming altar of Fedhas.
   640 | D        | Noticed a slime creature
   641 | D        | Found a snail-covered altar of Cheibriados.
   641 | D        | Found a shadowy altar of Dithmenos.
   652 | D        | Killed a slime creature
   652 | D        | Reached skill level 15 in Polearms
   906 | D        | Became a worshipper of Jiyva Jajuf the Shapeless
   913 | D        | Noticed a centaur warrior
   917 | D        | Acquired Jiyva's first power
   918 | D        | Noticed a centaur warrior
   932 | D        | Killed a centaur warrior
   932 | D        | Reached skill level 17 in Polearms
   932 | D        | Reached XP level 8. HP: 36/56 MP: 8/8
   938 | D        | Killed a centaur warrior
   938 | D        | Reached skill level 18 in Polearms
   938 | D        | Reached XP level 9. HP: 19/61 MP: 9/9
   973 | D        | Acquired Jiyva's second power
   979 | D        | Gained mutation: Your flesh is cold resistant. [Jiyva's grace]
   980 | D        | Acquired Jiyva's third power
   981 | D        | Gained mutation: Your flesh is very cold resistant. [Jiyva's grace]
   982 | D        | Acquired Jiyva's fourth power
   982 | D        | Gained mutation: Your mind is acute. (Int +2) [Jiyva's grace]
   987 | D        | Gained mutation: Your skin is partially translucent (Stealth, -foe acc). [Jiyva's grace]
   989 | D        | Lost mutation: Your skin is partially translucent (Stealth, -foe acc). [Jiyva's grace]
   990 | D        | Noticed Sonja
   991 | D        | Lost mutation: Your flesh is very cold resistant. [Jiyva's grace]
   995 | D        | Lost mutation: Your flesh is cold resistant. [Jiyva's grace]
   996 | D        | Killed Sonja
   996 | D        | Reached skill level 19 in Polearms
   999 | D        | Gained mutation: You are partially covered in yellow scales (AC +2). [Jiyva's grace]
  1002 | D        | Gained mutation: Armour fits poorly on your pseudopods. [Jiyva's grace]
  1005 | D        | Lost mutation: Armour fits poorly on your pseudopods. [Jiyva's grace]
  1015 | D        | Found Xogoutt Neip's Magic Scroll Boutique.
  1026 | D        | Noticed a shining eye
  1026 | D        | Noticed a shining eye
  1026 | D        | Noticed a shining eye
  1026 | D        | Noticed a shining eye
  1026 | D        | Noticed a shining eye
  1026 | D        | Noticed a shining eye
  1032 | D        | Noticed a shining eye
  1032 | D        | Noticed a shining eye
  1037 | D        | Found Pumm's Book Boutique.
  1037 | D        | Found Reprus's Weapon Emporium.
  1039 | D        | Found Juommasu's General Store.
  1040 | D        | Found Jattin's General Store.
  1048 | D        | Gained mutation: You are robust (+10% HP). [Jiyva's grace]
  1051 | D        | Lost mutation: You are robust (+10% HP). [Jiyva's grace]
  1053 | D        | Gained mutation: You have acidic saliva. [Jiyva's grace]
  1060 | D        | Lost mutation: You have acidic saliva. [Jiyva's grace]
  1064 | D        | Gained mutation: Your body is partially covered in golden eyeballs (Acc +3). [Jiyva's grace]
  1066 | D        | Lost mutation: Your mind is acute. (Int +2) [Jiyva's grace]
  1070 | D        | Noticed a deep troll
  1073 | D        | Gained mutation: You have a pair of small horns on your head. [Jiyva's grace]
  1079 | D        | Killed a deep troll
  1084 | D        | Gained mutation: You have an increased reservoir of magic (+10% MP). [Jiyva's grace]
  1088 | D        | Gained mutation: You have supernaturally acute eyesight. [Jiyva's grace]
  1090 | D        | Gained mutation: You are somewhat resistant to further mutation. [Jiyva's grace]
  1099 | D        | Gained mutation: You are dopey. (Int -2) [Jiyva's grace]
  1100 | D        | Found Lakaohy's Armour Emporium.
  1105 | D        | Bought a +2 pair of boots for 165 gold pieces
  1105 | D        | Bought a +1 robe of magic resistance for 127 gold pieces
  1105 | D        | Lost mutation: You are somewhat resistant to further mutation. [Jiyva's grace]
  1108 | D        | Gained mutation: You can spit weak poison. [Jiyva's grace]
  1111 | D        | Lost mutation: You are dopey. (Int -2) [Jiyva's grace]
  1131 | D        | Noticed a wasp
  1144 | D        | Killed a wasp
  1144 | D        | Reached skill level 20 in Polearms
  1154 | D        | Noticed an oklob plant
  1171 | D        | Gained mutation: Your muscles are strong. (Str +2) [Jiyva's grace]
  1189 | D        | HP: 1/61 [acid (6)]
  1195 | D        | Lost mutation: You can spit weak poison. [Jiyva's grace]
  1231 | D        | Killed an oklob plant
  1317 | D        | Noticed a trapdoor spider
  1317 | D        | Gained mutation: You have sharp fingernails. [Jiyva's grace]
  1319 | D        | Killed a trapdoor spider
  1320 | D        | Noticed a trapdoor spider
  1321 | D        | Noticed a trapdoor spider
  1323 | D        | Noticed a trapdoor spider
  1325 | D        | Killed a trapdoor spider
  1325 | D        | Reached XP level 10. HP: 50/70 MP: 11/11
  1331 | D        | Killed a trapdoor spider
  1342 | D        | Gained mutation: Your flesh is cold resistant. [Jiyva's grace]
  1346 | D        | Lost mutation: Your body is partially covered in golden eyeballs (Acc +3). [Jiyva's grace]
  1352 | D        | Killed a trapdoor spider
  1352 | D        | Reached skill level 21 in Polearms
  1353 | D        | Gained mutation: You are partially covered in rugged brown scales (AC +1, +3% HP). [Jiyva's grace]
  1356 | D        | Noticed a jelly
  1356 | D        | Noticed a jelly
  1356 | D        | Noticed a jelly
  1356 | D        | Noticed a necrophage
  1357 | D        | Noticed a necrophage
  1358 | D        | Killed a necrophage
  1359 | D        | Noticed a jelly
  1359 | D        | Noticed a jelly
  1359 | D        | Noticed a jelly
  1359 | D        | Noticed a jelly
  1360 | D        | Noticed a necrophage
  1360 | D        | Noticed an unseen horror
  1360 | D        | Noticed a necrophage
  1361 | D        | Killed a jelly
  1361 | D        | Killed a jelly
  1361 | D        | Killed a jelly
  1362 | D        | Noticed an unseen horror
  1364 | D        | Noticed a necrophage
  1364 | D        | Killed a jelly
  1365 | D        | Killed a jelly
  1370 | D        | Killed a necrophage
  1371 | D        | Killed a necrophage
  1373 | D        | Lost mutation: You have sharp fingernails. [Jiyva's grace]
  1376 | D        | Noticed a necrophage
  1376 | D        | Killed an unseen horror
  1378 | D        | Killed a necrophage
  1380 | D        | Lost mutation: You have a pair of small horns on your head. [Jiyva's grace]
  1380 | D        | Gained mutation: You have a pair of small horns on your head. [Jiyva's grace]
  1380 | D        | Gained mutation: You can spit weak poison. [Jiyva's grace]
  1383 | D        | Killed a necrophage
  1384 | D        | Killed a necrophage
  1385 | D        | Gained mutation: You have a small jelly attached to you that may absorb incoming projectiles. [Jiyva's grace]
  1386 | D        | Killed a necrophage
  1388 | D        | Found Suabeuc's Armour Shoppe.
  1389 | D        | Lost mutation: You have a small jelly attached to you that may absorb incoming projectiles. [Jiyva's grace]
  1390 | D        | Found Hahairye's Assorted Antiques.
  1390 | D        | Found Nonusosk's Magic Scroll Boutique.
  1391 | D        | Found Esimy's Book Boutique.
  1391 | D        | Found Neginaet's Weapon Emporium.
  1397 | D        | Killed an unseen horror
  1397 | D        | Reached skill level 5 in Fighting
  1398 | D        | Found Loedoke's Gadget Emporium.
  1403 | D        | Found Kemyu's Weapon Emporium.
  1403 | D        | Found Gep Zat's Distillery.
  1403 | D        | Found Axell's Food Shoppe.
  1403 | D        | Found Evabeiw's Gadget Boutique.
  1403 | D        | Found Cilafug's Book Emporium.
  1403 | D        | Found Mocehun's Food Shop.
  1403 | D        | Found Vuycsin's Jewellery Shoppe.
  1404 | D        | Found Ofri Zai's Distillery.
  1440 | D        | Lost mutation: You have supernaturally acute eyesight. [Jiyva's grace]
  1454 | D        | Noticed a kobold demonologist
  1456 | D        | Gained mutation: You are partially covered in rough black scales (AC +4, Dex -1). [Jiyva's grace]
  1458 | D        | Noticed a kobold demonologist
  1460 | D        | Killed a siren
  1462 | D        | Noticed a rust devil
  1467 | D        | Noticed a smoke demon
  1468 | D        | Noticed a smoke demon
  1472 | D        | Noticed a smoke demon
  1478 | D        | Killed a kobold demonologist
  1484 | D        | Killed a kobold demonologist
  1484 | D        | Reached skill level 22 in Polearms
  1486 | D        | Lost mutation: Your flesh is cold resistant. [Jiyva's grace]
  1489 | D        | Noticed a demonic crawler
  1489 | D        | Noticed a demonic crawler
  1489 | D        | Noticed a demonic crawler
  1489 | D        | Noticed a demonic crawler
  1489 | D        | Gained mutation: Armour fits poorly on your pseudopods. [Jiyva's grace]
  1492 | D        | Killed a demonic crawler
  1495 | D        | Gained mutation: You are resistant to hostile enchantments. [Jiyva's grace]
  1497 | D        | Gained mutation: Armour fits poorly on your large pseudopods. [Jiyva's grace]
  1498 | D        | Lost mutation: You can spit weak poison. [Jiyva's grace]
  1500 | D        | Lost mutation: Armour fits poorly on your large pseudopods. [Jiyva's grace]
  1501 | D        | Lost mutation: Armour fits poorly on your pseudopods. [Jiyva's grace]
  1505 | D        | Killed a demonic crawler
  1506 | D        | Lost mutation: Your muscles are strong. (Str +2) [Jiyva's grace]
  1509 | D        | Killed a demonic crawler
  1510 | D        | Killed a deep elf master archer
  1518 | D        | Killed a demonic crawler
  1527 | D        | Lost mutation: You have a pair of small horns on your head. [Jiyva's grace]
  1530 | D        | Noticed a gargoyle
  1544 | D        | Killed a gargoyle
  1544 | D        | Reached XP level 11. HP: 84/84 MP: 12/12
  1547 | D        | Lost mutation: You are partially covered in rough black scales (AC +4, Dex -1). [Jiyva's grace]
  1551 | D        | Noticed a lindwurm
  1552 | D        | Lost mutation: You are partially covered in rugged brown scales (AC +1, +3% HP). [Jiyva's grace]
  1555 | D        | Gained mutation: You have a small jelly attached to you that senses nearby items. [Jiyva's grace]
  1564 | D        | Killed a lindwurm
  1567 | D        | Gained mutation: Scrolls take you a little longer to read. [Jiyva's grace]
  1596 | D        | Noticed Norris
  1608 | D        | Killed a lorocyproca
  1608 | D        | Reached skill level 23 in Polearms
  1642 | D        | Killed a hellwing
  1761 | D        | HP: 1/85 [something (17)]
  1765 | D        | Engulfed by a cloud of freezing vapour

Vault maps used:
D:        dungeon_sprint_1

Action                   |  1- 3 |  4- 6 |  7- 9 | 10-12 || total
-------------------------+-------+-------+-------+-------++-------
Melee: Trident           |    28 |    13 |       |       ||    41
       Scythe            |       |    11 |    76 |   123 ||   210
Throw: Throwing net      |     1 |     3 |     4 |       ||     8
  Use: Potion            |       |       |     3 |     3 ||     6
       Scroll            |       |       |     1 |       ||     1
 Stab: Sleeping          |       |     1 |       |     1 ||     2
       Held in net/web   |       |       |     4 |       ||     4
       Confused          |       |       |     2 |     1 ||     3
       Distracted        |       |       |       |     1 ||     1
